| TOP OF THE 1ST |
|
Wichita Aeros batting - Pitching for Tulsa Drillers : RHP Tom Candiotti
|
|
Pitching: RHP Tom Candiotti
|
|
|
Batting: LHB Jesus Ramos
|
0-0: Foul Ball, location: 2F 0-1: Foul Ball, location: 2F 0-2: Ball 1-2: Strikes out looking
|
|
Batting: RHB Greg Cypret
|
0-0: Ball 1-0: Ball 2-0: Called Strike 2-1: Fly out, F8 (Line Drive, 8LM, EV 107.5 MPH)
|
|
Batting: LHB Michael Barnes
|
0-0: Ball 1-0: Ball 2-0: Foul Ball, location: 2F 2-1: Foul Ball, location: 2F 2-2: Foul Ball, location: 2F 2-2: Ball 3-2: Fly out, F8 (Flyball, 8LM, EV 85.0 MPH)
|
| Top of the 1st over - 0 runs, 0 hits, 0 errors, 0 left on base; Wichita 0 - Tulsa 0 |
| BOTTOM OF THE 1ST |
|
Tulsa Drillers batting - Pitching for Wichita Aeros : RHP John Adams
|
|
Pitching: RHP John Adams
|
|
|
Batting: SHB Paul Householder
|
0-0: Bunted foul 0-1: Ball 1-1: Ground out 2-3 (Groundball, 15S, EV 66.3 MPH)
|
|
Batting: RHB Victor Rios
|
0-0: Called Strike 0-1: Foul Ball, location: 2F 0-2: Ball 1-2: Strikes out looking
|
|
Batting: LHB Jim Adduci
|
0-0: Ball 1-0: Ball 2-0: Called Strike 2-1: Ball 3-1: Base on Balls
|
|
Batting: LHB Mike Pagliarulo
|
0-0: Ball 1-0: Swinging Strike 1-1: Ball 2-1: Called Strike 2-2: Foul Ball, location: 2F 2-2: Ball 3-2: Fly out, F8 (Flyball, 78D, EV 66.3 MPH)
|
| Bottom of the 1st over - 0 runs, 0 hits, 0 errors, 1 left on base; Wichita 0 - Tulsa 0 |
| TOP OF THE 2ND |
|
Wichita Aeros batting - Pitching for Tulsa Drillers : RHP Tom Candiotti
|
|
Batting: LHB Omar Guerrero
|
0-0: Called Strike 0-1: Foul Ball, location: 2F 0-2: Ball 1-2: Strikes out looking
|
|
Batting: RHB Dave Hoenstine
|
0-0: Ball 1-0: Foul Ball, location: 2F 1-1: Foul Ball, location: 2F 1-2: Ball 2-2: Strikes out looking
|
|
Batting: LHB James Pellack
|
0-0: Called Strike 0-1: Ball 1-1: Ground out 4-3 (Groundball, 4D, EV 95.6 MPH)
|
| Top of the 2nd over - 0 runs, 0 hits, 0 errors, 0 left on base; Wichita 0 - Tulsa 0 |
| BOTTOM OF THE 2ND |
|
Tulsa Drillers batting - Pitching for Wichita Aeros : RHP John Adams
|
|
Batting: SHB Luis Quinones
|
0-0: Called Strike 0-1: Ground out 4-3 (Groundball, 4, EV 81.9 MPH)
|
|
Batting: RHB Bob E Johnson
|
0-0: Called Strike 0-1: Fly out, F7 (Line Drive, 7, EV 86.9 MPH)
|
|
Batting: RHB Don Ruzek
|
0-0: Swinging Strike 0-1: Called Strike 0-2: Ball 1-2: Strikes out swinging
|
| Bottom of the 2nd over - 0 runs, 0 hits, 0 errors, 0 left on base; Wichita 0 - Tulsa 0 |
| TOP OF THE 3RD |
|
Wichita Aeros batting - Pitching for Tulsa Drillers : RHP Tom Candiotti
|
|
Batting: RHB Dave Stenhouse
|
0-0: Ball 1-0: Foul Ball, location: 2F 1-1: Called Strike 1-2: Strikes out looking
|
|
Batting: RHB Gary House
|
0-0: Called Strike 0-1: Called Strike 0-2: Foul Ball, location: 2F 0-2: Foul Ball, location: 2F 0-2: Ball 1-2: Ground out 6-3 (Groundball, 6, EV 88.1 MPH)
|
|
Batting: RHB Victor Mabee
|
0-0: Foul Ball, location: 2F 0-1: Swinging Strike 0-2: Ball 1-2: Ground out 5-3 (Groundball, 56S, EV 85.6 MPH)
|
| Top of the 3rd over - 0 runs, 0 hits, 0 errors, 0 left on base; Wichita 0 - Tulsa 0 |
| BOTTOM OF THE 3RD |
|
Tulsa Drillers batting - Pitching for Wichita Aeros : RHP John Adams
|
|
Batting: RHB Michael Johnson
|
0-0: Called Strike 0-1: Ball 1-1: Foul Ball, location: 2F 1-2: Foul Ball, location: 2F 1-2: Fly out, F7 (Line Drive, 7S, EV 89.4 MPH)
|
|
Batting: RHB Nick Belmonte
|
0-0: Ball 1-0: Foul Ball, location: 2F 1-1: Swinging Strike 1-2: Ball 2-2: Fly out, F8 (Flyball, 8RM, EV 86.3 MPH)
|
|
Batting: SHB Paul Householder
|
0-0: Called Strike 0-1: Swinging Strike 0-2: Strikes out swinging
|
| Bottom of the 3rd over - 0 runs, 0 hits, 0 errors, 0 left on base; Wichita 0 - Tulsa 0 |
| TOP OF THE 4TH |
|
Wichita Aeros batting - Pitching for Tulsa Drillers : RHP Tom Candiotti
|
|
Batting: LHB Jesus Ramos
|
0-0: Fly out, F7 (Flyball, 7, EV 83.8 MPH)
|
|
Batting: RHB Greg Cypret
|
0-0: Called Strike 0-1: Called Strike 0-2: Ball 1-2: Ball 2-2: Ball 3-2: Fly out, F9 (Flyball, 9LS, EV 92.5 MPH)
|
|
Batting: LHB Michael Barnes
|
0-0: Called Strike 0-1: Swinging Strike 0-2: Ball 1-2: Ball 2-2: Strikes out swinging
|
| Top of the 4th over - 0 runs, 0 hits, 0 errors, 0 left on base; Wichita 0 - Tulsa 0 |
| BOTTOM OF THE 4TH |
|
Tulsa Drillers batting - Pitching for Wichita Aeros : RHP John Adams
|
|
Batting: RHB Victor Rios
|
0-0: Ball 1-0: Fly out, F7 (Line Drive, 7, EV 98.1 MPH)
|
|
Batting: LHB Jim Adduci
|
0-0: Ball 1-0: Ball 2-0: Foul Ball, location: 2F 2-1: Ball 3-1: Swinging Strike 3-2: Ground out 4-3 (Groundball, 4, EV 78.8 MPH)
|
|
Batting: LHB Mike Pagliarulo
|
0-0: Fly out, F7 (Flyball, 78D, EV 81.3 MPH)
|
| Bottom of the 4th over - 0 runs, 0 hits, 0 errors, 0 left on base; Wichita 0 - Tulsa 0 |
| TOP OF THE 5TH |
|
Wichita Aeros batting - Pitching for Tulsa Drillers : RHP Tom Candiotti
|
|
Batting: LHB Omar Guerrero
|
0-0: Called Strike 0-1: Ball 1-1: Called Strike 1-2: Ground out 6-3 (Groundball, 6, EV 106.3 MPH)
|
|
Batting: RHB Dave Hoenstine
|
0-0: Called Strike 0-1: Foul Ball, location: 2F 0-2: Ball 1-2: Ground out 6-3 (Groundball, 6, EV 90.6 MPH)
|
|
Batting: LHB James Pellack
|
0-0: Ball 1-0: Foul Ball, location: 2F 1-1: Swinging Strike 1-2: Foul Ball, location: 2F 1-2: Strikes out swinging
|
| Top of the 5th over - 0 runs, 0 hits, 0 errors, 0 left on base; Wichita 0 - Tulsa 0 |
| BOTTOM OF THE 5TH |
|
Tulsa Drillers batting - Pitching for Wichita Aeros : RHP John Adams
|
|
Batting: SHB Luis Quinones
|
0-0: Foul Ball, location: 2F 0-1: Ball 1-1: Called Strike 1-2: Ball 2-2: Fly out, F5 (Line Drive, 5, EV 73.1 MPH)
|
|
Batting: RHB Bob E Johnson
|
0-0: Ball 1-0: Called Strike 1-1: Ball 2-1: Reached on error, E4 (Groundball, 4, EV 88.8 MPH)
|
|
Batting: RHB Don Ruzek
|
0-0: Foul Ball, location: 2F 0-1: Foul Ball, location: 2F 0-2: Fly out, F6 (Popup, P, EV 78.1 MPH)
|
|
Batting: RHB Michael Johnson
|
0-0: Intentional Walk
|
|
Batting: RHB Nick Belmonte
|
0-0: Called Strike 0-1: Ball 1-1: Ball 2-1: Fly out, F5 (Line Drive, 5, EV 66.9 MPH)
|
| Bottom of the 5th over - 0 runs, 0 hits, 1 error, 2 left on base; Wichita 0 - Tulsa 0 |
| TOP OF THE 6TH |
|
Wichita Aeros batting - Pitching for Tulsa Drillers : RHP Tom Candiotti
|
|
Batting: RHB Dave Stenhouse
|
0-0: Foul Ball, location: 2F 0-1: SINGLE (Groundball, 4MS, EV 91.3 MPH) (infield hit)
|
|
Batting: RHB Gary House
|
0-0: Foul Ball, location: 2F 0-1: Called Strike 0-2: Ball 1-2: Foul Ball, location: 2F 1-2: Ball 2-2: Grounds into double play, 6-4-3 (Groundball, 6, EV 93.1 MPH)
|
|
Batting: RHB Victor Mabee
|
0-0: Ball 1-0: Foul Ball, location: 2F 1-1: Ground out 6-3 (Groundball, 56, EV 82.5 MPH)
|
| Top of the 6th over - 0 runs, 1 hit, 0 errors, 0 left on base; Wichita 0 - Tulsa 0 |
| BOTTOM OF THE 6TH |
|
Tulsa Drillers batting - Pitching for Wichita Aeros : RHP John Adams
|
|
Batting: SHB Paul Householder
|
0-0: Called Strike 0-1: Ball 1-1: SINGLE (Groundball, 4D, EV 100.6 MPH)
|
|
Batting: RHB Victor Rios
|
0-0: Ball 1-0: Ball 2-0: Ball 3-0: Called Strike 3-1: Bunted foul 3-2: Fly out, F6 (Flyball, 56D, EV 92.5 MPH)
|
|
Batting: LHB Jim Adduci
|
0-0: Ball 1-0: Called Strike Paul Householder steals 2nd base (no throw) 1-1: Ball 2-1: Foul Ball, location: 2F 2-2: Foul Ball, location: 2F 2-2: 2-RUN HOME RUN (Flyball, 9LD, EV 104.4 MPH), Distance : 364 ft
|
|
Batting: LHB Mike Pagliarulo
|
0-0: Swinging Strike 0-1: Swinging Strike 0-2: Ball 1-2: Foul Ball, location: 2F 1-2: Foul Ball, location: 2F 1-2: Strikes out swinging
|
|
Batting: SHB Luis Quinones
|
0-0: Fly out, F9 (Flyball, 9, EV 83.8 MPH)
|
| Bottom of the 6th over - 2 runs, 2 hits, 0 errors, 0 left on base; Wichita 0 - Tulsa 2 |
| TOP OF THE 7TH |
|
Wichita Aeros batting - Pitching for Tulsa Drillers : RHP Tom Candiotti
|
|
Batting: LHB Jesus Ramos
|
0-0: Ball 1-0: Swinging Strike 1-1: Swinging Strike 1-2: Foul Ball, location: 2F 1-2: Foul Ball, location: 2F 1-2: Foul Ball, location: 2F 1-2: Strikes out swinging
|
|
Batting: RHB Greg Cypret
|
0-0: Ground out 4-3 (Groundball, 4, EV 90.6 MPH)
|
|
Batting: LHB Michael Barnes
|
0-0: Foul Ball, location: 2RF, Error on foul ball, E2 0-1: Single, Error in OF, E7, batter to second base (Groundball, 5D, EV 98.8 MPH)
|
|
Batting: LHB Omar Guerrero
|
0-0: Ball 1-0: Ground out U3 (Groundball, 34, EV 84.4 MPH)
|
| Top of the 7th over - 0 runs, 1 hit, 2 errors, 1 left on base; Wichita 0 - Tulsa 2 |
| BOTTOM OF THE 7TH |
|
Tulsa Drillers batting - Pitching for Wichita Aeros : RHP John Adams
|
|
Batting: RHB Bob E Johnson
|
0-0: Ball 1-0: Called Strike 1-1: TRIPLE (Flyball, 78XD, EV 90.0 MPH)
|
|
Batting: RHB Don Ruzek
|
0-0: Ball 1-0: Ball 2-0: Ball 3-0: Base on Balls
|
|
Batting: RHB Michael Johnson
|
0-0: Ball 1-0: Foul Ball, location: 2F 1-1: Ball 2-1: Foul Ball, location: 2F 2-2: Foul Ball, location: 2F 2-2: Foul Ball, location: 2F 2-2: Ball 3-2: Base on Balls Don Ruzek to second
|
|
Batting: RHB Nick Belmonte
|
0-0: Swinging Strike 0-1: Ball 1-1: Ball 2-1: Grounds into fielders choice 4-2 (Groundball, 4, EV 83.8 MPH) Don Ruzek to third Michael Johnson to second
|
|
Batting: SHB Paul Householder
|
0-0: Foul Ball, location: 2F 0-1: Swinging Strike 0-2: Ball 1-2: Ball 2-2: Fly out, F9 (Line Drive, 9D, EV 97.5 MPH) Runner from 3rd tags up, SCORES, throw by RF Michael Johnson to third
|
|
Batting: RHB Victor Rios
|
0-0: Ball 1-0: Called Strike 1-1: Fielders Choice at 2nd, U4 (Groundball, 4M, EV 105.0 MPH)
|
| Bottom of the 7th over - 1 run, 1 hit, 0 errors, 2 left on base; Wichita 0 - Tulsa 3 |
| TOP OF THE 8TH |
|
Wichita Aeros batting - Pitching for Tulsa Drillers : RHP Tom Candiotti
|
|
Batting: RHB Dave Hoenstine
|
0-0: Called Strike 0-1: Ground out 4-3 (Groundball, 4, EV 85.6 MPH)
|
|
Batting: LHB James Pellack
|
0-0: Ground out 1-3 (Groundball, 13S, EV 66.9 MPH)
|
|
Batting: RHB Dave Stenhouse
|
0-0: Ball 1-0: Fly out, F7 (Flyball, 78M, EV 91.9 MPH)
|
| Top of the 8th over - 0 runs, 0 hits, 0 errors, 0 left on base; Wichita 0 - Tulsa 3 |
| BOTTOM OF THE 8TH |
|
Tulsa Drillers batting - Pitching for Wichita Aeros : RHP John Adams
|
|
Batting: LHB Jim Adduci
|
0-0: Foul Ball, location: 2F 0-1: Foul Ball, location: 2F 0-2: Ball 1-2: Ball 2-2: Ball 3-2: Base on Balls
|
|
Batting: LHB Mike Pagliarulo
|
0-0: Called Strike 0-1: Foul Ball, location: 2F 0-2: Fly out, F7 (Line Drive, 7, EV 93.8 MPH)
|
|
Batting: SHB Luis Quinones
|
0-0: Foul Ball, location: 2F 0-1: Swinging Strike 0-2: Ball 1-2: Ball 2-2: Strikes out swinging
|
|
Batting: RHB Bob E Johnson
|
0-0: Ball 1-0: Ball 2-0: Foul Ball, location: 2F 2-1: Fly out, F7 (Flyball, 7LM, EV 90.0 MPH)
|
| Bottom of the 8th over - 0 runs, 0 hits, 0 errors, 1 left on base; Wichita 0 - Tulsa 3 |
| TOP OF THE 9TH |
|
Wichita Aeros batting - Pitching for Tulsa Drillers : RHP Tom Candiotti
|
|
Batting: RHB Gary House
|
0-0: Ball 1-0: Called Strike 1-1: Foul Ball, location: 2F 1-2: Foul Ball, location: 2F 1-2: Fly out, F8 (Line Drive, 8LM, EV 87.5 MPH)
|
|
Batting: RHB Victor Mabee
|
0-0: Ball 1-0: Ground out 6-3 (Groundball, 6, EV 84.4 MPH)
|
|
Batting: LHB Jesus Ramos
|
0-0: Ball 1-0: Swinging Strike 1-1: Foul Ball, location: 2F 1-2: Ball 2-2: Strikes out looking
|
| Top of the 9th over - 0 runs, 0 hits, 0 errors, 0 left on base; Wichita 0 - Tulsa 3 |
|